 Dungeon Crawl Stone Soup version 0.28.0 (webtiles) character file.

Game seed: 8672714967429815280

158 Sanktem7 the Chiller (level 5, 0/37 HPs)
             Began as a Gnoll Ice Elementalist on Feb 8, 2022.
             Slain by a water moccasin skeleton (5 damage)
             ... on level 4 of the Dungeon.
             The game lasted 00:09:31 (3934 turns).

Sanktem7 the Chiller (Gnoll Ice Elementalist)       Turns: 3934, Time: 00:09:32

Health: 0/37       AC:  3    Str:  8    XL:     5   Next: 40%
Magic:  8/12       EV: 12    Int: 16    God:
Gold:   97         SH:  0    Dex: 12    Spells: 13/14 levels left

rFire   . . .      SeeInvis .   c - +0 short sword
rCold   . . .      Faith    .   (no shield)
rNeg    . . .      Spirit   .   i - +0 leather armour
rPois   .          Reflect  .   (no helmet)
rElec   .          Harm     .   (no cloak)
rCorr   .          Rampage  .   (no gloves)
Will    .....                   (no boots)
Stlth   ++........              (no amulet)
HPRegen 0.12/turn               (no ring)
MPRegen 0.13/turn               (no ring)

@: no status effects
A: fangs 1, strong nose, distributed training
a: no special abilities


You were on level 4 of the Dungeon.
You visited 1 branch of the dungeon, and saw 4 of its levels.

You collected 97 gold pieces.

Inventory:

Hand Weapons
 c - a +0 short sword (weapon)
Armour
 a - a +0 robe
 i - a +0 leather armour (worn)
Jewellery
 g - a ring of protection from cold
 l - a ring of see invisible
 o - an amulet of faith
Scrolls
 b - 2 scrolls of enchant weapon {unknown}
 d - 3 scrolls of amnesia {unknown}
 e - a scroll of noise {unknown}
 j - a scroll of vulnerability {unknown}
 m - 2 scrolls of identify {unknown}
Potions
 f - a potion of haste {unknown}
 h - a potion of attraction {unknown}
 k - a potion of lignification {unknown}
 n - a potion of curing {unknown}


   Skills:
 + Level 1.4 Fighting
 + Level 1.4 Short Blades
 + Level 1.4 Long Blades
 + Level 1.4 Axes
 + Level 1.4 Maces & Flails
 + Level 1.4 Polearms
 + Level 1.4 Staves
 + Level 1.4 Slings
 + Level 1.4 Bows
 + Level 1.4 Crossbows
 + Level 1.4 Throwing
 + Level 1.4 Armour
 + Level 4.8 Dodging
 + Level 4.4 Stealth
 + Level 1.4 Shields
 + Level 1.4 Unarmed Combat
 + Level 5.2 Spellcasting
 + Level 1.1 Conjurations
 + Level 1.1 Hexes
 + Level 1.1 Summonings
 + Level 1.1 Necromancy
 + Level 1.1 Translocations
 + Level 1.1 Transmutations
 + Level 1.1 Fire Magic
 + Level 7.2 Ice Magic
 + Level 1.1 Air Magic
 + Level 1.1 Earth Magic
 + Level 1.1 Poison Magic
 + Level 1.6 Invocations
 + Level 1.4 Evocations


You had 13 spell levels left.
You knew the following spells:

 Your Spells              Type           Power      Damage    Failure   Level
a - Freeze                Ice            100%       1d11      1%          1

Your spell library contained the following spells:

 Spells                   Type           Power      Damage    Failure   Level
 Frozen Ramparts          Ice            54%        1d7       3%          3
 Ozocubu's Armour         Ice            27%        N/A       3%          3
 Ensorcelled Hibernation  Hex/Ice        34%        N/A       5%          2
 Passwall                 Tmut/Erth      5%         N/A       21%         2
 Swiftness                Air            7%         N/A       36%         3
 Tukima's Dance           Hex            7%         N/A       36%         3
 Hailstorm                Conj/Ice       17%        3d6       36%         4
 Anguish                  Hex/Necr       3%         N/A       78%         4
 Enfeeble                 Hex            3%         N/A       100%        7


Dungeon Overview and Level Annotations

Branches:
Dungeon (4/15)             Temple (0/1) D:4

Altars:

Annotations:
D:3 1 runed translucent door, Crazy Yiuf


Innate Abilities, Weirdness & Mutations

You have very sharp teeth.
Your uncanny sense of smell can sniff out nearby items.
Your experience applies equally to all skills.


Message History

The water moccasin skeleton bites you.
You barely miss the water moccasin skeleton.
The water moccasin skeleton is lightly damaged.
The water moccasin skeleton barely misses you.
The water moccasin skeleton bites you but does no damage.
You completely miss the water moccasin skeleton.
The water moccasin skeleton is lightly damaged.
The water moccasin skeleton bites you but does no damage.
You hit the water moccasin skeleton.
Your punch misses the water moccasin skeleton.
You bite the water moccasin skeleton.
The water moccasin skeleton is moderately damaged.
The water moccasin skeleton bites you but does no damage.
You hit the water moccasin skeleton.
The water moccasin skeleton is moderately damaged.
The water moccasin skeleton barely misses you.
You hit the water moccasin skeleton but do no damage.
Your bite misses the water moccasin skeleton.
The water moccasin skeleton is moderately damaged.
The water moccasin skeleton bites you.
* * * LOW HITPOINT WARNING * * *
The water moccasin skeleton bites you.
* * * LOW HITPOINT WARNING * * *
The water moccasin skeleton misses you.
The water moccasin skeleton bites you but does no damage.
The water moccasin skeleton bites you.
* * * LOW HITPOINT WARNING * * *
The water moccasin skeleton bites you but does no damage.
The water moccasin skeleton closely misses you.
There is an open door here.
Casting: Freeze (safe; 1% risk of failure)
Confirm with . or Enter, or press ? or * to list all spells.
Aiming: Freeze (safe; 1% risk of failure)
Press: ? - help, Shift-Dir - straight line, f/p - water moccasin skeleton
Aim: a water moccasin skeleton (moderately damaged)
You freeze the water moccasin skeleton.
The water moccasin skeleton resists.
The water moccasin skeleton is moderately damaged.
The water moccasin skeleton closely misses you.
The water moccasin skeleton bites you.
You die...

# ##.........##...###.>.#
.#+ #...........#.#+##....#
...# ###.......#####.##....#
.... #.#+#...#'#.#.........#
....##...#####...##.###....#
....'......#......'.# #....#
...##......#......### #....#
.. #......†#.......# #...<#
# #[......'...Z@..# ######
#.......#.......#
##......#(.....###
+......#......'.#
##...#####...##.# ∆
#.#+#...#+#.##.#
###.......###..#############
#...........##..#.....#.....
#..)......####.............


You could see a water moccasin skeleton.

Vanquished Creatures
  A hound (D:4)
  Terence (D:3)
  Robin (D:3)
  An adder skeleton (D:4)
  3 worms (D:2)
  5 dart slugs
  4 bats
  4 endoplasms
  2 giant cockroaches
  10 goblins
  11 hobgoblins
  3 jackals (D:2)
  4 kobolds
  A quokka (D:1)
  5 ball pythons
  5 frilled lizards
  5 rats
66 creatures vanquished.

Vanquished Creatures (others)
  3 fungi (D:3)
  A plant (D:1)
4 creatures vanquished.

Grand Total: 70 creatures vanquished

Notes
Turn   | Place    | Note
-------+----------+-------------------------------------------
     0 | D:1      | Sanktem7 the Gnoll Ice Elementalist began the quest for the
                  | Orb.
     0 | D:1      | Reached XP level 1. HP: 13/13 MP: 6/6
   423 | D:1      | Reached XP level 2. HP: 19/19 MP: 4/7
   922 | D:1      | Reached XP level 3. HP: 25/25 MP: 6/9
  1162 | D:1      | Reached skill level 5 in Spellcasting
  1579 | D:2      | Reached skill level 1 in Invocations
  2008 | D:2      | Reached skill level 1 in Fighting
  2008 | D:2      | Reached skill level 1 in Short Blades
  2008 | D:2      | Reached skill level 1 in Long Blades
  2008 | D:2      | Reached skill level 1 in Axes
  2008 | D:2      | Reached skill level 1 in Maces & Flails
  2008 | D:2      | Reached skill level 1 in Polearms
  2008 | D:2      | Reached skill level 1 in Staves
  2008 | D:2      | Reached skill level 1 in Slings
  2008 | D:2      | Reached skill level 1 in Bows
  2008 | D:2      | Reached skill level 1 in Crossbows
  2008 | D:2      | Reached skill level 1 in Throwing
  2008 | D:2      | Reached skill level 1 in Armour
  2008 | D:2      | Reached skill level 1 in Shields
  2008 | D:2      | Reached skill level 1 in Unarmed Combat
  2008 | D:2      | Reached skill level 1 in Evocations
  2232 | D:2      | Reached XP level 4. HP: 26/32 MP: 11/11
  2624 | D:3      | Identified the +2 helmet of Monotheism {Fly Str+4}
  2624 | D:3      | Noticed Robin
  2638 | D:3      | Killed Robin
  2857 | D:3      | Reached skill level 1 in Conjurations
  2857 | D:3      | Reached skill level 1 in Hexes
  2857 | D:3      | Reached skill level 1 in Summonings
  2857 | D:3      | Reached skill level 1 in Necromancy
  2857 | D:3      | Reached skill level 1 in Translocations
  2857 | D:3      | Reached skill level 1 in Transmutations
  2857 | D:3      | Reached skill level 1 in Fire Magic
  2857 | D:3      | Reached skill level 1 in Air Magic
  2857 | D:3      | Reached skill level 1 in Earth Magic
  2857 | D:3      | Reached skill level 1 in Poison Magic
  2881 | D:3      | Noticed Terence
  2893 | D:3      | Killed Terence
  3000 | D:3      | Found a faded altar of an unknown god.
  3009 | D:3      | Reached XP level 5. HP: 37/37 MP: 10/12
  3510 | D:3      | Found a runed translucent door.
  3511 | D:3      | Noticed Crazy Yiuf
  3764 | D:4      | Found a staircase to the Ecumenical Temple.
  3934 | D:4      | Slain by a water moccasin skeleton

Illustrated notes

Levels and vault maps discovered:
D:1:      minmay_arrival_checkered_box, layout_loops_corners,
          serial_bayou_pond_a, hangedman_decor_peaks_small
D:2:      layout_loops_cross, chequers_avenue
D:3:      layout_loops_ring, hellmonk_ecumenical_altar_arch_garden,
          uniq_terence, uniq_crazy_yiuf_cottage, uniq_robin
D:4:      nicolae_cairo_tiling_very_big, layout_rooms, minmay_misc_feat_room

Skill      XL: |  1  2  3  4 |
---------------+-------------+-----
Spellcasting   | 5 |  5.2
Invocations    | 1 |  1.6
Fighting       | 1 |  1.4
Short Blades   | 1 |  1.4
Long Blades    | 1 |  1.4
Axes           | 1 |  1.4
Maces & Flails | 1 |  1.4
Polearms       | 1 |  1.4
Staves         | 1 |  1.4
Slings         | 1 |  1.4
Bows           | 1 |  1.4
Crossbows      | 1 |  1.4
Throwing       | 1 |  1.4
Armour         | 1 |  1.4
Shields        | 1 |  1.4
Unarmed Combat | 1 |  1.4
Evocations     | 1 |  1.4
Conjurations   | 1 |  1.1
Hexes          | 1 |  1.1
Summonings     | 1 |  1.1
Necromancy     | 1 |  1.1
Translocations | 1 |  1.1
Transmutations | 1 |  1.1
Fire Magic     | 1 |  1.1
Air Magic      | 1 |  1.1
Earth Magic    | 1 |  1.1
Poison Magic   | 1 |  1.1
Dodging        | |  4.8
Stealth        | |  4.4
Ice Magic      | |  7.2

Action                   |  1- 3 |  4- 6 || total
-------------------------+-------+-------++-------
Melee: Club              |     4 |       ||     4
       Short sword       |    19 |    34 ||    53
       Bite              |     2 |     5 ||     7
       Punch             |     2 |       ||     2
 Cast: Freeze            |    55 |    58 ||   113
 Stab: Sleeping          |     1 |     1 ||     2
Armor: Robe              |     3 |       ||     3
       Leather armour    |     1 |    24 ||    25
Dodge: Dodged            |    44 |    41 ||    85
